 Dungeon Crawl Stone Soup version 0.29-a0-495-g17b79114eb (webtiles) character file.

Game seed: 15588350978240047629

7 spiderkeys the Ducker (level 1, 0/10 HPs)
             Began as a Felid Abyssal Knight on May 28, 2022.
             Was a Believer of Lugonu.
             Slain by a giant cockroach (2 damage)
             ... on level 1 of the Dungeon.
             The game lasted 00:00:31 (477 turns).

spiderkeys the Ducker (Felid Abyssal Knight)         Turns: 477, Time: 00:00:31

Health: 0/10       AC:  1    Str:  9    XL:     1   Next: 83%
Magic:  3/3        EV: 18    Int: 11    God:    Lugonu [**....]
Gold:   23         SH:  0    Dex: 16    Spells: 0/0 levels left
                                        Lives:  0   Deaths: 0

rFire   . . .      SeeInvis +     - Unarmed
rCold   . . .      Faith    .   (shield unavailable)
rNeg    . . .      Spirit   .   (body armour unavailable)
rPois   .          Reflect  .   (helmet unavailable)
rElec   .          Harm     .   (cloak unavailable)
rCorr   .          Rampage  .   (gloves unavailable)
Will    .....                   (boots unavailable)
Stlth   ++........              (no amulet)
HPRegen 0.03/turn               (no ring)
MPRegen 0.08/turn               (no ring)

@: quick
A: very small, claws 1, fangs 3, see invisible, speed 1, shaggy fur 1, stealthy
paws, no weapons or thrown items, no armour, multi-lived
a: Renounce Religion, Depart the Abyss, Bend Space


You were on level 1 of the Dungeon.
You worshipped Lugonu.
Lugonu was pleased with you.
You visited 1 branch of the dungeon, and saw 1 of its levels.
You visited the Abyss 1 time.

You collected 23 gold pieces.


Innate Abilities, Weirdness & Mutations

You have sharp claws.
You have razor-sharp teeth.
You have supernaturally acute eyesight. (SInv)
You cover ground quickly. (Speed+)
You are covered in fur. (AC +1)
Your paws help you pounce on unaware monsters.
You are incapable of wielding weapons or throwing items.
You cannot wear armour.
You gain extra lives every three experience levels.


   Skills:
 + Level 3.1 Fighting
 + Level 3.3 Dodging
 + Level 0.8 Stealth
 + Level 2.1 Unarmed Combat
 + Level 1.9 Invocations


You couldn't memorise any spells.
You didn't know any spells.
Your spell library contained the following spells:

 Spells                   Type           Power      Damage    Failure   Level
 Freeze                   Ice            0%         1d3       34%         1
 Frozen Ramparts          Ice            0%         1d2       71%         3
 Hailstorm                Conj/Ice       0%         3d3       98%         4

Inventory:

Scrolls
 a - 2 scrolls of teleportation {unknown}

Dungeon Overview and Level Annotations

Branches:
Dungeon (1/15)

Altars:

#.#..#...........#
#
#.#.##............
#...##..........#.
#..###...........
###..###..........#
#.....# #######
#.....########
#.....#B.....#
#.....@......#
#............#
#######.....!#
....... ......#
......# ...>..#
......#


You could see a giant cockroach.


Message History

A kobold is nearby!
The kobold throws a stone.
The stone barely misses you. The kobold misses you.
You see here a scroll labelled EJIH XYTAPPYAS.
You scratch the kobold.
The kobold hits you with a +0 short sword. 😮 HP[-3]
You take 3 damage, and now have 7/10 hp.
MASSIVE DAMAGE!! (PAUSE)
You scratch the kobold but do no damage.
Your bite misses the kobold. The kobold closely misses you.
You closely miss the kobold. You bite the kobold, but do no damage.
The kobold barely misses you.
You closely miss the kobold.
The kobold hits you with a +0 short sword.
* * * LOW HITPOINT WARNING * * *
😨 HP[-4]
You take 4 damage, and now have 3/10 hp.
MASSIVE DAMAGE!! (PAUSE)
You scratch the kobold. The kobold completely misses you.
You scratch the kobold.
You kill the kobold!
Lugonu accepts your kill.
You start resting.
a - a scroll labelled EJIH XYTAPPYAS 😎 HP[+7]
Your hp is fully restored (10).
Things that are here:
a +0 short sword; 4 stones
a - 2 scrolls labelled EJIH XYTAPPYAS (gained 1)
You now have 7 gold pieces.
Key pressed, stopping explore.
A hobgoblin comes into view.
You see here 16 gold pieces.
A frilled lizard comes into view.
The hobgoblin shouts!
The frilled lizard hisses angrily.
You see here a +0 chain mail.
Unknown command.
You scratch the hobgoblin. The hobgoblin hits you. 😕 HP[-1]
You take 1 damage, and now have 9/10 hp.
You closely miss the hobgoblin. The hobgoblin closely misses you.
You scratch the hobgoblin. Your bite misses the hobgoblin.
The hobgoblin hits you. 😕 HP[-1]
You take 1 damage, and now have 8/10 hp.
You scratch the hobgoblin. The hobgoblin misses you.
You scratch the hobgoblin.
You kill the hobgoblin!
Lugonu accepts your kill.
You miss the frilled lizard. The frilled lizard misses you. 😕 HP[+1]
You scratch the frilled lizard.
You kill the frilled lizard!
Lugonu accepts your kill.
Things that are here:
a frilled lizard corpse; a hobgoblin corpse You now have 23 gold pieces (gained 16).
Key pressed, stopping explore.
You see here a +0 chain mail.
Key pressed, stopping explore.
Found a stone staircase leading down. 😎 HP[+1]
Your hp is fully restored (10).
An endoplasm comes into view.
Okay, then.
Found a golden potion.
Found a stone staircase leading down.
The endoplasm quivers.
A giant cockroach comes into view.
The giant cockroach completely misses you.
You scratch the giant cockroach but do no damage.
The endoplasm freezes you.
You are frozen.
The giant cockroach completely misses you. 😮 HP[-4]
You take 4 damage, and now have 6/10 hp.
MASSIVE DAMAGE!! (PAUSE)
You scratch the endoplasm. The endoplasm barely misses you.
The giant cockroach closely misses you.
You scratch the endoplasm. The giant cockroach bites you.
* * * LOW HITPOINT WARNING * * *
The endoplasm freezes you.
You are frozen.
* * * LOW HITPOINT WARNING * * *
😨 HP[-2]
You take 2 damage, and now have 4/10 hp.
You scratch the endoplasm.
You kill the endoplasm!
Lugonu accepts your kill. The giant cockroach bites you.
* * * LOW HITPOINT WARNING * * *
😱 HP[-2]
You take 2 damage, and now have 2/10 hp.
You barely miss the giant cockroach. The giant cockroach misses you.
You scratch the giant cockroach but do no damage.
The giant cockroach closely misses you.
The giant cockroach completely misses you.
You scratch the giant cockroach. The giant cockroach bites you.
You die...

Action                   || total
-------------------------++-------
Melee: Unarmed           ||    22
       Punch             ||     1
       Bite              ||     1
Dodge: Dodged            ||    15

Levels and vault maps discovered:
D:1:      dpeg_arrival_ratfight, layout_rooms,
          hellmonk_ecumenical_altar_lost_god, hangedman_decor_push,
          minmay_worlds_worst_comb

Notes
Turn   | Place    | Note
-------+----------+-------------------------------------------
     0 | Abyss:1  | spiderkeys the Felid Abyssal Knight began the quest for the
                  | Orb.
     0 | Abyss:1  | Reached XP level 1. HP: 10/10 MP: 3/3
     0 | Abyss:1  | magus.rc [v1.11.3]
     4 | D:1      | You pass through the gate.
     4 | D:1      | Escaped the Abyss
     5 | D:1      | Found a faded altar of an unknown god.
    21 | D:1      | You pick up a book of Frost and begin reading...
    21 | D:1      | You add the spells Freeze, Frozen Ramparts and Hailstorm to
                  | your library.
   474 | D:1      | HP: 2/10 [giant cockroach (2)]
   477 | D:1      | Slain by a giant cockroach

Vanquished Creatures
  2 endoplasms (D:1)
  A hobgoblin (D:1)
  A kobold (D:1)
  A frilled lizard (D:1)
  A goblin (D:1)
6 creatures vanquished.

Table legend:
 A = Non-vault XP
 B = Vault XP
 C = Vault XP percentage of total XP
 D = Non-vault monster count
 E = Vault monster count
 F = Vault count percentage of total count
                 A         B        C        D         E       F
            +---------+---------+-------+---------+---------+-------
      Total |      10 |       0 |   0.0 |       6 |       0 |   0.0
            +---------+---------+-------+---------+---------+-------
        D:1 |      10 |       0 |   0.0 |       6 |       0 |   0.0
            +---------+---------+-------+---------+---------+-------

Illustrated notes

Table legend:
 A = Kills in this place as a percentage of kills in entire the game.
 B = Kills by you in this place as a percentage of kills by you in the entire game.
 C = Kills by friends in this place as a percentage of kills by friends in the entire game.
 D = Other kills in this place as a percentage of other kills in the entire game.
 E = Experience gained in this place as a percentage of experience gained in the entire game.
 F = Experience gained in this place divided by the number of levels of this place that you have seen.
                   A       B       C       D       E      F
               +-------+-------+-------+-------+-------+----------------------
         Total | 100.0 | 100.0 |   N/A |   N/A | 100.0 |   5.0
       Dungeon | 100.0 | 100.0 |   N/A |   N/A | 100.0 |  10.0
               +-------+-------+-------+-------+-------+----------------------

Table legend: (Time is in decaauts)
 A = Elapsed time spent in this place.
 B = Non-inter-level travel time spent in this place.
 C = Inter-level travel time spent in this place.
 D = Time resting spent in this place.
 E = Time spent auto-exploring this place.
 F = Levels seen in this place.
 G = Mean time per level.
                   A        B        C        D        E       F      G
               +--------+--------+--------+--------+--------+-----+--------+
         Total |    460 |    460 |      0 |    213 |    195 |   2 |  230.0 |
       Dungeon |    457 |    457 |      0 |    213 |    194 |   1 |  457.0 |
         Abyss |      3 |      3 |      0 |      0 |      0 |   1 |    3.0 |
               +--------+--------+--------+--------+--------+-----+--------+

Top non-repeatable levels by time:
     D:1: 457 daAuts
 Abyss:1: 3 daAuts
